 Dungeon Crawl Stone Soup version 0.28-a0-514-g0d7ab7f379 (webtiles) character file.

Game seed: 12423495781886356914

1059 RepHenryClay the Destroyer (level 8, -2/41 HPs)
             Began as a Deep Elf Conjurer on Sept 21, 2021.
             Was an Initiate of Vehumet.
             Succumbed to a gnoll sergeant's poison
             ... on level 6 of the Dungeon on Sept 22, 2021.
             The game lasted 00:07:54 (5960 turns).

RepHenryClay the Destroyer (Deep Elf Conjurer)      Turns: 5960, Time: 00:07:55

Health: -2/41      AC:  4    Str:  4    XL:     8   Next: 6%
Magic:  9/14       EV: 15    Int: 24    God:    Vehumet [......]
Gold:   373        SH:  0    Dex: 15    Spells: 6/13 levels left

rFire   . . .      SeeInvis .   a - +3 long sword of Xaath {freeze, rElec}
rCold   . . .      Faith    .   (no shield)
rNeg    . . .      Spirit   .   d - +0 robe
rPois   .          Reflect  .   l - +0 helmet
rElec   +          Harm     .   (no cloak)
rCorr   +          Rampage  .   (no gloves)
Will    .....                   s - +0 pair of boots
Stlth   ++........              (no amulet)
HPRegen 0.13/turn               n - ring of resist corrosion
MPRegen 0.14/turn               (no ring)

@: mighty, lethally poisoned (-2 -> -39), flying
A: no striking features
a: Renounce Religion


You were on level 6 of the Dungeon.
You worshipped Vehumet.
Vehumet was noncommittal.
You visited 2 branches of the dungeon, and saw 7 of its levels.

You collected 373 gold pieces.

Inventory:

Hand Weapons
 a - the +3 long sword of Xaath (weapon) {freeze, rElec}
   (You found it on level 5 of the Dungeon)

   It freezes those it strikes, dealing additional cold damage.
   It can also slow down cold-blooded creatures.
   rElec:     It insulates you from electricity.
 g - a +1 dagger of holy wrath
 y - a +2 dagger of venom
Armour
 d - a +0 robe (worn)
 l - a +0 helmet (worn)
 s - a +0 pair of boots (worn)
Magical Staves
 v - a staff of death
Jewellery
 m - a ring of fire
 n - a ring of resist corrosion (left hand)
 w - an amulet of regeneration
 A - a ring of protection from cold
 C - a ring of willpower
Scrolls
 b - 2 scrolls of noise {unknown}
 c - 7 scrolls of identify {unknown}
 e - 2 scrolls of magic mapping {unknown}
 f - 2 scrolls of vulnerability {unknown}
 h - a scroll of teleportation {unknown}
 q - a scroll of immolation {unknown}
 u - 3 scrolls of fog {unknown}
 B - a scroll of fear {unknown}
Potions
 i - a potion of might
 j - a potion of resistance {unknown}
 k - 2 potions of mutation {unknown}
 o - a potion of attraction {unknown}
 p - a potion of cancellation {unknown}
 r - a potion of curing {unknown}
 t - a potion of haste {unknown}
 x - a potion of flight
 z - a potion of magic {unknown}
 D - a potion of heal wounds {unknown}


   Skills:
 + Level 7.0 Dodging
 - Level 2.4 Stealth
 - Level 3.0 Spellcasting
 + Level 9.4 Conjurations


You had 6 spell levels left.
You knew the following spells:

 Your Spells              Type           Power      Damage    Failure   Level
a - Magic Dart            Conj           100%       1d8       1%          1
b - Searing Ray           Conj           98%        2d8       1%          2
c - Iskenderun's Mystic   Conj/Tloc      26%        2d7       16%         4

Your spell library contained the following spells:

 Spells                   Type           Power      Damage    Failure   Level
 Shock                    Conj/Air       100%       1d9       1%          1
 Dazzling Flash           Conj/Hex       52%        N/A       4%          3
 Fulminant Prism          Conj/Hex       13%        3d9       16%         4
 Swiftness                Air            3%         N/A       32%         3
 Airstrike                Air            1%         N/A       71%         4


Dungeon Overview and Level Annotations

Branches:
Dungeon (6/15)             Temple (1/1) D:4

Altars:
Dithmenos
Kikubaaqudgha
Nemelex Xobeh
Okawaru
Ru
Sif Muna
Trog
Uskayaw
Vehumet
Wu Jian

Shops:
D:2 [


Message History

The gnoll is severely wounded. (Press . to maintain the ray.)
The searing ray hits the gnoll!
You kill the gnoll!
Vehumet accepts your kill.
The searing ray hits the jelly!
The jelly is almost dead.
Your Dodging skill increases to level 7!
The searing ray hits the jelly.
You kill the jelly!
Vehumet accepts your kill.
The searing ray hits the gnoll!
The gnoll is severely wounded.
The gnoll sergeant misses you.
The searing ray hits the gnoll!
The gnoll is almost dead.
The searing ray hits the gnoll.
The gnoll is almost dead.
You finish channelling your searing ray.
The gnoll sergeant hits you from afar with a +2 spear of venom.
You are poisoned.
Damage: -12%(-5hp) hp: 88%(36hp)
You feel very sick. The gnoll closely misses you.
The gnoll sergeant hits you from afar with a +2 spear of venom!
You are lethally poisoned!
Huge Dmg: -36%(-15hp) hp: 52%(21hp) It was a potion of might.
You feel very mighty all of a sudden.
* * * LOW HITPOINT WARNING * * *
You feel extremely sick. The gnoll barely misses you.
The gnoll sergeant hits you from afar with a +2 spear of venom!
* * * LOW HITPOINT WARNING * * *
You are more poisoned.
Huge Dmg: -37%(-15hp) hp: 15%(6hp) It was a potion of flight.
You feel very buoyant.
You fly up into the air.
You die... #.........# +.........+ .!....... ....... ..... ggg

#####g#
##...#@#
##......#
##.......####
#.........#.#
##..........#
...........#...
###...(...#####
##......#
##...#.#


You could see a gnoll sergeant and 3 gnolls.

Vanquished Creatures
  Grinder (D:5)
  A wyvern (D:5)
  An ice beast (D:5)
  2 bullfrogs (D:6)
  A scorpion (D:4)
  A howler monkey (D:5)
  A centaur zombie (D:5)
  A hound (D:5)
  A jelly (D:6)
  2 iguanas (D:4)
  A hound skeleton (D:4)
  Robin (D:2)
  8 adders
  6 gnolls
  An adder zombie (D:5)
  A worm (D:2)
  2 dart slugs
  6 orcs
  6 ball pythons
  6 bats
  2 endoplasms
  4 giant cockroaches
  8 hobgoblins
  3 jackals (D:5)
  3 quokkas
  2 frilled lizards
  17 goblins
  4 kobolds
  4 rats
  A butterfly (D:4)
98 creatures vanquished.

Vanquished Creatures (others)
  5 toadstools (D:1)
5 creatures vanquished.

Grand Total: 103 creatures vanquished

Notes
Turn   | Place    | Note
-------+----------+-------------------------------------------
     0 | D:1      | RepHenryClay the Deep Elf Conjurer began the quest for the
                  | Orb.
     0 | D:1      | Reached XP level 1. HP: 10/10 MP: 6/6
   260 | D:1      | Reached XP level 2. HP: 15/15 MP: 8/8
   537 | D:1      | Reached skill level 5 in Conjurations
   569 | D:1      | Learned a level 2 spell: Searing Ray
  1055 | D:2      | Upgraded the game from 0.28-a0-511-gcc94558de3 to
                  | 0.28-a0-514-g0d7ab7f379
  1345 | D:2      | Reached XP level 3. HP: 19/19 MP: 3/9
  1516 | D:2      | Noticed Robin
  1574 | D:2      | Killed Robin
  1575 | D:2      | Reached skill level 6 in Conjurations
  1822 | D:2      | Found Aliege Upny's Armour Shoppe.
  1840 | D:2      | Found a faded altar of an unknown god.
  2097 | D:2      | Reached XP level 4. HP: 24/24 MP: 10/10
  2523 | D:3      | Found a sacrificial altar of Ru.
  2525 | D:3      | Found a shimmering blue altar of Sif Muna.
  2926 | D:3      | Found an ornate altar of the Wu Jian Council.
  3062 | D:4      | Reached XP level 5. HP: 28/28 MP: 8/11
  3103 | D:4      | Reached skill level 7 in Conjurations
  3975 | D:4      | Found a staircase to the Ecumenical Temple.
  3981 | Temple   | Entered the Ecumenical Temple
  4052 | Temple   | Became a worshipper of Vehumet
  4073 | D:4      | Reached XP level 6. HP: 32/32 MP: 7/12
  4078 | D:4      | Learned a level 4 spell: Iskenderun's Mystic Blast
  4493 | D:5      | Entered Level 5 of the Dungeon
  4865 | D:5      | Reached skill level 8 in Conjurations
  4867 | D:5      | Identified the +3 long sword of Xaath {freeze, rElec}
  4946 | D:5      | Noticed an ice beast
  4955 | D:5      | Killed an ice beast
  4967 | D:5      | Reached skill level 5 in Dodging
  4967 | D:5      | Reached XP level 7. HP: 27/36 MP: 6/13
  5178 | D:5      | Noticed a wyvern
  5183 | D:5      | Killed a wyvern
  5470 | D:5      | Noticed Grinder
  5478 | D:5      | Killed Grinder
  5479 | D:5      | Reached skill level 9 in Conjurations
  5711 | D:6      | Reached XP level 8. HP: 31/41 MP: 14/14
  5828 | D:6      | Found a hide-covered altar of Uskayaw.
  5960 | D:6      | Succumbed to a gnoll sergeant's poison

Illustrated notes

Levels and vault maps discovered:
D:1:      minmay_arrival_semitransparent, layout_basic,
          minmay_gold_behind_fungi, serial_bayou_pond_e
D:2:      layout_basic, serial_shops, nicolae_diamond_shop,
          hellmonk_ecumenical_altar_heavens_door, uniq_robin
D:3:      layout_rooms, lemuel_tele_altar, jmf_multi_god_temple
D:4:      layout_basic, minmay_temple_entry_butterflies,
          kennysheep_generic_room_7
D:5:      layout_basic, hangedman_decor_points, uniq_grinder
D:6:      layout_loops_corners, mainiacjoe_overflow_alcove_1
Temple:   compressed_dpeg_circular_temple

Skill      XL: |  1  2  3  4  5  6  7  8 |
---------------+-------------------------+-----
Conjurations   | 5 6 7 8 9 |  9.4
Dodging        | 3 5 6 7 |  7.0
Stealth        | |  2.4
Spellcasting   | |  3.0

Action                   |  1- 3 |  4- 6 |  7- 9 || total
-------------------------+-------+-------+-------++-------
Melee: Dagger            |    51 |    33 |       ||    84
       Long sword        |       |     3 |     7 ||    10
 Cast: Magic Dart        |    18 |    54 |    10 ||    82
       Searing Ray       |     3 |    10 |     5 ||    18
  Use: Potion            |       |       |     2 ||     2
 Stab: Sleeping          |     2 |     5 |       ||     7
Armor: Robe              |    13 |    12 |     3 ||    28
Dodge: Dodged            |    33 |    39 |    11 ||    83

Table legend: (Time is in decaauts)
 A = Elapsed time spent in this place.
 B = Non-inter-level travel time spent in this place.
 C = Inter-level travel time spent in this place.
 D = Time resting spent in this place.
 E = Time spent auto-exploring this place.
 F = Levels seen in this place.
 G = Mean time per level.
                   A        B        C        D        E       F      G
               +--------+--------+--------+--------+--------+-----+--------+
         Total |   5966 |   5816 |    150 |   1759 |   3306 |   7 |  852.3 |
       Dungeon |   5879 |   5744 |    135 |   1759 |   3245 |   6 |  979.8 |
        Temple |     86 |     71 |     15 |      0 |     61 |   1 |   86.0 |
               +--------+--------+--------+--------+--------+-----+--------+

Top non-repeatable levels by time:
     D:4: 1416 daAuts
     D:1: 1296 daAuts
     D:2: 1011 daAuts
     D:3: 966 daAuts
     D:5: 853 daAuts
     D:6: 335 daAuts
  Temple: 86 daAuts
